 Dungeon Crawl Stone Soup version 0.18.1-2-ga659475 (webtiles) character file.

5746 dvd the Geomancer (level 10, 0/85 HPs)
             Began as a Deep Dwarf Earth Elementalist on May 8, 2016.
             Was a Follower of Ru.
             Slain by XVar's ghost (36 damage)
             ... on level 9 of the Dungeon.
             The game lasted 00:54:08 (9196 turns).

dvd the Geomancer (Deep Dwarf Earth Elementalist)   Turns: 9196, Time: 00:54:09

Health: 0/85       AC: 11    Str: 14      XL:     10   Next: 49%
Magic:  16/20      EV: 18    Int: 17      God:    Ru [*.....]
Gold:   438        SH:  0    Dex: 15 (16) Spells: 5 memorised, 7 levels left

rFire  . . .     SeeInvis .     b - 113 stones
rCold  + . .     Gourm    .     A - +3 leather armour "Uhetiek" {*Corrode +Fly rN+ Regen+}
rNeg   + . .     Faith    .     (no shield)
rPois  .         Spirit   .     (no helmet)
rElec  .         Dismiss  .     u - +0 cloak
rCorr  .         Reflect  .     y - +2 pair of gloves {Dex+3}
SustAt .         Harm     +     (no boots)
MR     +....                    s - amulet of harm
Stlth  ++........               p - ring of protection from cold
                                F - +3 ring of evasion

@: non-regenerating, somewhat resistant to hostile enchantments, unstealthy
A: damage resistance, recharge devices, sense surroundings 2, slow regeneration
3, no charms magic, no poison magic, no transmutations magic
a: Device Recharging, Renounce Religion, Evoke Flight


You were on level 9 of the Dungeon.
You worshipped Ru.
Ru was aware of your devotion.
You were hungry.

You visited 2 branches of the dungeon, and saw 10 of its levels.
You also visited: Ossuary.

You collected 438 gold pieces.

Inventory:

Hand Weapons
 a - a +0 spear
 h - a +3 trident
 l - a +2 flail of protection
Missiles
 b - 113 stones (in hand)
 o - 5 tomahawks of returning
 z - 17 tomahawks
Armour
 u - a +0 cloak (worn)
 y - a +2 pair of gloves of dexterity (worn)
 A - the +3 leather armour "Uhetiek" (worn) {*Corrode +Fly rN+ Regen+}
   (You found it on level 4 of the Dungeon)

   It protects you from negative energy.
   It lets you fly.
   It increases your rate of regeneration.
   It may corrode you when you take damage.
 B - the +1 robe "Gelaimp" {+Inv Dex+2 Stlth+}
   (You found it on level 5 of the Dungeon)

   It affects your dexterity (+2).
   It lets you turn invisible.
   It makes you more stealthy.
Jewellery
 e - an uncursed ring of fire
 p - a ring of protection from cold (right hand)
 q - a +1 ring of protection
 s - an amulet of harm (around neck)
 C - an uncursed ring of ice
 F - a +3 ring of evasion (left hand)
Wands
 d - a wand of heal wounds (8/9)
 G - a wand of lightning (8/15)
Scrolls
 g - 2 scrolls of teleportation
 j - 4 scrolls of amnesia
 v - 4 scrolls of fear
 w - 2 scrolls of recharging
 D - a scroll of magic mapping
 H - 3 scrolls of identify
Potions
 k - a potion of might
 m - 2 potions of curing
 r - 2 potions of ambrosia
 t - 3 potions of heal wounds
 L - a potion of flight
Books
 c - a book of Geomancy

   Spells                             Type                      Level
   a - Sandblast                      Earth                        1
   b - Passwall                       Transmutation/Earth          2
   c - Stone Arrow                    Conjuration/Earth            3
   d - Petrify                        Transmutation/Earth          4
   e - Lee's Rapid Deconstruction     Earth                        5
 i - a book of Necromancy

   Spells                             Type                      Level
   a - Pain                           Necromancy                   1
   b - Animate Skeleton               Necromancy                   1
   c - Vampiric Draining              Necromancy                   3
   d - Regeneration                   Charms/Necromancy            3
   e - Animate Dead                   Necromancy                   4
   f - Control Undead                 Necromancy                   4
 I - a Necronomicon

   Spells                             Type                      Level
   a - Haunt                          Necromancy/Summoning         7
   b - Borgnjor's Revivification      Necromancy                   8
   c - Death's Door                   Charms/Necromancy            8
   d - Necromutation                  Transmutation/Necromancy     8
Comestibles
 f - 6 bread rations
 x - 3 fruits


   Skills:
 + Level 4.0 Fighting
 + Level 4.0 Maces & Flails
 + Level 3.3 Polearms
 + Level 4.5 Armour
 + Level 6.7 Dodging
 + Level 3.8 Stealth
 + Level 7.0 Spellcasting
 + Level 3.0 Conjurations
 + Level 6.9 Necromancy
 + Level 9.6 Earth Magic
 + Level 4.2 Evocations


You had 7 spell levels left.
You knew the following spells:

 Your Spells              Type           Power        Failure   Level  Hunger
a - Sandblast             Erth           #####.       1%          1    None
b - Vampiric Draining     Necr           ####......   2%          3    ##.....
c - Stone Arrow           Conj/Erth      ####..       3%          3    ##.....
d - Lee's Rapid Deconstr  Erth           #####.....   10%         5    #####..
e - Animate Dead          Necr           N/A          10%         4    ####...


Dungeon Overview and Level Annotations

Branches:
Dungeon (9/15)             Temple (1/1) D:5
   Lair: D:8-11         Orc: D:9-12

Altars:
Ashenzari
Dithmenos
Elyvilon
Fedhas
Gozag
Kikubaaqudgha
Makhleb
Okawaru
Pakellas
Ru
Sif Muna
Trog
Vehumet
Xom
Yredelemnul
Zin
The Shining One

Shops:
D:4 [   D:5 =   D:7 (

Annotations:
D:9 XVar's ghost, novice MiBe


Innate Abilities, Weirdness & Mutations

You are resistant to damage.
You can recharge devices by infusing magical energy.
You passively map the area around you.
You do not regenerate naturally.
You cannot study or cast Charms magic.
You cannot study or cast Poison magic.
You cannot study or cast Transmutations magic.


Message History

The rocky blast hits XVar's ghost.
XVar's ghost is lightly damaged.
XVar's ghost closely misses you.
Casting: Sandblast
Confirm with . or Enter, or press ? or * to list all spells.
Aiming: Sandblast
Press: ? - help, Shift-Dir - straight line, f/p - XVar's ghost
Aim: XVar's ghost, wielding a vampiric weapon (lightly damaged)
The rocky blast hits XVar's ghost.
XVar's ghost is lightly damaged.
XVar's ghost hits you!!
Casting: Sandblast
Confirm with . or Enter, or press ? or * to list all spells.
Aiming: Sandblast
Press: ? - help, Shift-Dir - straight line, f/p - XVar's ghost
Aim: XVar's ghost, wielding a vampiric weapon (lightly damaged)
The rocky blast hits XVar's ghost.
XVar's ghost is lightly damaged.
XVar's ghost hits you!!
You die...

....####### , , ,
, , , ,
....#.....# , ,
,,,, * *
....#.....# ,, , ,
,, ....#.....####,
, ,,, ,
....#........# ,
,, ..(.#........#
, , ....'........#
, , * * * ,
....#........#####
,,, ,, ,
....#[..........@#
, ,
....#..........W.#
, , ,
....#............#
,
....#............#
, , , ,
....##############
, , , ..).).......
, , ....(.......
,,, ***
............, , *
............ ,


You could see XVar's ghost.

Vanquished Creatures
  Prince Ribbit (D:7)
  An ice beast (D:8)
  A sky beast (D:7)
  2 orc warriors
  A black bear (D:6)
  5 ogres
  2 centaurs
  An elf zombie (Ossuary)
  A giant frog (D:6)
  3 howler monkeys
  A crimson imp (D:8)
  3 centaur zombies
  A giant frog zombie (D:8)
  3 hounds
  6 orc priests
  A human zombie (Ossuary)
  4 jellies
  11 orc wizards
  A centaur skeleton (D:5)
  4 worker ants
  A killer bee zombie (D:5)
  3 hound zombies (Ossuary)
  2 hound skeletons (D:5)
  3 mummies (Ossuary)
  2 worker ant zombies
  3 gnolls (D:9)
  A howler monkey skeleton (D:4)
  6 adders
  3 shadow imps
  7 adder zombies
  An adder skeleton (D:7)
  2 giant geckos
  36 orcs
  6 bats
  12 giant cockroaches
  6 goblins
  9 hobgoblins
  10 jackals
  4 quokkas
  3 ball pythons
  A giant gecko skeleton (D:4)
  A giant gecko zombie (D:5)
  10 giant newts
  A goblin zombie (Ossuary)
  3 hobgoblin zombies (Ossuary)
  3 jackal zombies (Ossuary)
  9 kobolds
  4 kobold zombies (Ossuary)
  3 orc zombies (Ossuary)
  5 quokka zombies
  11 rats
  5 rat zombies (Ossuary)
229 creatures vanquished.

Notes
Turn   | Place    | Note
--------------------------------------------------------------
     0 | D:1      | dvd the Deep Dwarf Earth Elementalist began the quest for the Orb.
     0 | D:1      | Reached XP level 1. HP: 15/15 MP: 3/3
   488 | D:1      | Reached XP level 2. HP: 20/22 MP: 0/4
  1264 | D:1      | Learned a level 2 spell: Passwall
  1465 | D:2      | Found a glowing golden altar of the Shining One.
  1469 | D:2      | Reached skill level 5 in Earth Magic
  1548 | D:2      | Reached XP level 3. HP: 23/28 MP: 2/6
  1910 | D:2      | Learned a level 3 spell: Stone Arrow
  2406 | D:3      | Reached XP level 4. HP: 20/36 MP: 4/7
  2588 | D:3      | Found a shimmering altar of Xom.
  2770 | D:4      | Reached skill level 1 in Armour
  2780 | D:4      | Noticed an ogre
  2794 | D:4      | Killed an ogre
  2794 | D:4      | Reached XP level 5. HP: 14/42 MP: 1/9
  2803 | D:4      | Found Icoudy's Armour Shoppe.
  2918 | D:4      | Got a faintly glowing leather armour
  2994 | D:4      | Found a sand-covered staircase.
  3002 | D:4      | Learned a level 3 spell: Vampiric Draining
  3003 | Ossuary  | Entered an ossuary
  3147 | Ossuary  | Reached XP level 6. HP: 35/50 MP: 10/10
  3480 | Ossuary  | Reached skill level 6 in Earth Magic
  3499 | Ossuary  | Reached skill level 1 in Fighting
  3499 | Ossuary  | Reached skill level 1 in Necromancy
  3628 | Ossuary  | Reached XP level 7. HP: 31/57 MP: 7/12
  4015 | D:4      | Identified the +3 leather armour "Uhetiek" {*Corrode +Fly rN+ Regen+} (You found it on level 4 of the Dungeon)
  4170 | D:5      | Entered Level 5 of the Dungeon
  4170 | D:5      | Found an opulent altar of Gozag.
  4214 | D:5      | Found a blossoming altar of Fedhas.
  4227 | D:5      | Reached skill level 1 in Polearms
  4227 | D:5      | Reached skill level 7 in Earth Magic
  4367 | D:5      | Found a staircase to the Ecumenical Temple.
  4395 | D:5      | Got a heavy robe
  4406 | D:5      | Identified the +1 robe "Gelaimp" {+Inv Dex+2 Stlth+} (You found it on level 5 of the Dungeon)
  4584 | D:5      | Found a sacrificial altar of Ru.
  4627 | Temple   | Entered the Ecumenical Temple
  4723 | D:5      | Became a worshipper of Ru the Awakened
  4793 | D:5      | Found Vywobb's Jewellery Emporium.
  5085 | D:5      | Reached XP level 8. HP: 31/64 MP: 1/14
  5555 | D:6      | Found a radiant altar of Vehumet.
  6046 | D:6      | Reached skill level 8 in Earth Magic
  6254 | D:6      | Reached skill level 1 in Maces & Flails
  6325 | D:6      | Reached skill level 5 in Spellcasting
  6487 | D:6      | Gained mutation: You cannot study or cast Poison magic. [Ru sacrifice]
  6487 | D:6      | Gained mutation: You cannot study or cast Transmutations magic. [Ru sacrifice]
  6487 | D:6      | Gained mutation: You cannot study or cast Charms magic. [Ru sacrifice]
  6487 | D:6      | Reached * piety under Ru
  6810 | D:7      | Found a white marble altar of Elyvilon.
  6832 | D:7      | Reached skill level 5 in Dodging
  6836 | D:7      | Noticed Prince Ribbit
  7222 | D:7      | Killed Prince Ribbit
  7222 | D:7      | Reached skill level 5 in Necromancy
  7222 | D:7      | Gained mutation: You passively map the area around you. [Deep Dwarf growth]
  7222 | D:7      | Reached XP level 9. HP: 56/73 MP: 0/17
  7405 | D:7      | Found Wumaheoss's Antique Weapon Shoppe.
  7618 | D:7      | Found an oddly glowing altar of Pakellas.
  7619 | D:7      | Noticed a rakshasa
  7804 | D:8      | Found a basalt altar of Yredelemnul.
  7805 | D:8      | Found a deep blue altar of Sif Muna.
  7807 | D:8      | Found a sacrificial altar of Ru.
  8501 | D:8      | Reached skill level 9 in Earth Magic
  8501 | D:8      | Reached XP level 10. HP: 72/85 MP: 18/20
  8601 | D:8      | Found an ancient bone altar of Kikubaaqudgha.
  8970 | D:8      | Learned a level 5 spell: Lee's Rapid Deconstruction
  8975 | D:8      | Learned a level 4 spell: Animate Dead
  9071 | D:9      | Noticed XVar's ghost (novice MiBe)
  9196 | D:9      | Slain by XVar's ghost

Skill      XL: |  1  2  3  4  5  6  7  8  9 10 |
---------------+-------------------------------+-----
Earth Magic    | 5 6 7 8 9 |  9.6
Spellcasting   | 2 3 4 5 7 |  7.0
Armour         | 1 2 4 |  4.5
Dodging        | 3 4 5 6 |  6.7
Stealth        | 3 |  3.8
Fighting       | 1 2 4 |  4.0
Necromancy     | 1 3 5 6 |  6.9
Polearms       | 1 3 |  3.3
Maces & Flails | 1 3 4 |  4.0
Conjurations   | 3 |  3.0
Evocations     | 4 |  4.2

Action                   |  1- 3 |  4- 6 |  7- 9 | 10-12 || total
-------------------------+-------+-------+-------+-------++-------
Melee: Spear             |    77 |   225 |    72 |       ||   374
       Morningstar       |       |       |   183 |     1 ||   184
       Flail             |       |       |       |    15 ||    15
 Cast: Sandblast         |    56 |    77 |    99 |     6 ||   238
       Passwall          |     2 |       |       |       ||     2
       Stone Arrow       |       |     1 |    22 |     4 ||    27
       Vampiric Draining |       |       |    76 |     4 ||    80
       Animate Dead      |       |       |       |     2 ||     2
Invok: Sacrifice Arcana  |       |       |     1 |       ||     1
Evoke: Wand              |       |     3 |     2 |       ||     5
  Use: Scroll            |     2 |     2 |     6 |     2 ||    12
       Potion            |       |     4 |     8 |     1 ||    13
 Stab: Sleeping          |     4 |     5 |     4 |     3 ||    16
  Eat: Meat ration       |     1 |       |       |       ||     1
       Chunk             |     1 |     3 |    19 |     2 ||    25
       Bread ration      |       |     1 |       |       ||     1
       Fruit             |       |       |     1 |       ||     1
Armor: Robe              |     1 |       |       |       ||     1
       Ring mail         |    43 |   105 |     6 |       ||   154
       Leather armour    |       |       |   173 |     5 ||   178
Dodge: Dodged            |    58 |   156 |   383 |    17 ||   614
